 Dungeon Crawl Stone Soup version 0.28-a0-724-g66f9036eb4 (webtiles) character file.

Game seed: 5871691761424196322

7 meatgazer the Skirmisher (level 1, -4/18 HPs)
             Began as a Demonspawn Abyssal Knight on Oct 26, 2021.
             Was a Follower of Lugonu.
             Slain by a thrashing horror (11 damage)
             ... on level 2 of the Abyss.
             The game lasted 00:00:27 (257 turns).

meatgazer the Skirmisher (Demonspawn Abyssal Knight) Turns: 257, Time: 00:00:28

Health: -4/18      AC:  3    Str: 13    XL:     1   Next: 91%
Magic:  2/2        EV: 11    Int: 11    God:    Lugonu [*.....]
Gold:   13         SH:  0    Dex: 13    Spells: 0/0 levels left

rFire   . . .      SeeInvis .   a - +1 falchion
rCold   . . .      Faith    .   (no shield)
rNeg    . . .      Spirit   .   b - +0 leather armour
rPois   .          Reflect  .   (no helmet)
rElec   .          Harm     .   (no cloak)
rCorr   .          Rampage  .   (no gloves)
Will    .....                   (no boots)
Stlth   +.........              (no amulet)
HPRegen 0.06/turn               (no ring)
MPRegen 0.08/turn               (no ring)

@: no status effects
A: [screaming 2], [subdued magic 3]
a: Renounce Religion, Depart the Abyss


You were on level 2 of the Abyss.
You worshipped Lugonu.
Lugonu was aware of your devotion.
You visited 0 branches of the dungeon, and saw 0 of its levels.
You visited the Abyss 1 time.

You collected 13 gold pieces.

Inventory:

Hand Weapons
 a - a +1 falchion (weapon)
Armour
 b - a +0 leather armour (worn)


   Skills:
 + Level 3.3 Fighting
 + Level 1.9 Long Blades
 + Level 1.8 Armour
 + Level 0.9 Dodging
 + Level 2.5 Invocations


You couldn't memorise any spells.
You didn't know any spells.
Your spell library was empty.

Dungeon Overview and Level Annotations

Branches:
Dungeon (0/15)

Altars:


Innate Abilities, Weirdness & Mutations

[You frequently scream uncontrollably at your foes.]
[Your spells are much easier to cast, but much less powerful.]


Message History

The white imp is severely wounded.
The white imp hits you but does no damage.
Your leather armour prevents you from hitting the white imp.
The white imp is severely wounded.
The white imp gestures at you. The puff of frost misses you.
You hit the white imp.
You kill the white imp!
You start resting.
You are suddenly pulled into a different region of the Abyss!
Found a gateway leading deeper into the Abyss.
A white imp and 2 wretched stars come into view.
The white imp shouts!
The wretched star pulses with an eldritch light!
Your connection to magic feels subdued.
Your connection to magic feels more subdued.
You feel the urge to shout.
You feel a strong urge to scream.
The wretched star pulses with an eldritch light!
Your connection to magic feels nearly dormant.
A smoke demon comes into view.
There is a gateway leading deeper into the Abyss here.
The smoke demon roars!
You plunge deeper into the Abyss.
A thrashing horror comes into view.
Found 60 gold pieces.
Unknown command.
Unknown command.
The thrashing horror tramples you.
You hold your ground!
The thrashing horror barely misses you.
You aren't carrying any scrolls.
The thrashing horror roars!
The thrashing horror tramples you.
You stumble backwards!
A worldbinder comes into view.
You aren't carrying any potions.
The thrashing horror roars!
The thrashing horror closely misses you.
The thrashing horror tramples you but does no damage.
The thrashing horror tramples you!
Ouch! That really hurt!
You die...

#. #.. ..# ..#...
.. #..#
...#..#.###...#
..#...x.#...#..
...#.......##
#...#......# ### #
#.......... ..
#.###X@.......
#..#...##...#..
..####.#####...#.
.............#....
..∩......X.....#...
................#.#
#..########.#.... .
## .....# #......


You could see a thrashing horror and a worldbinder.

Vanquished Creatures
  A white imp (Abyss:1)
1 creature vanquished.

Notes
Turn   | Place    | Note
-------+----------+-------------------------------------------
     0 | Abyss:1  | meatgazer the Demonspawn Abyssal Knight began the quest for
                  | the Orb.
     0 | Abyss:1  | Reached XP level 1. HP: 18/18 MP: 2/2
   209 | Abyss:1  | Noticed a wretched star
   209 | Abyss:1  | Noticed a wretched star
   209 | Abyss:1  | Noticed a smoke demon
   251 | Abyss:2  | Noticed a thrashing horror
   256 | Abyss:2  | Noticed a worldbinder
   257 | Abyss:2  | Slain by a thrashing horror

Illustrated notes

Levels and vault maps discovered:
Abyss:2:  base: Temple, abyss_furniture_001

Action                   || total
-------------------------++-------
Melee: Falchion          ||     7
Armor: Leather armour    ||     3
Dodge: Dodged            ||     7

Table legend: (Time is in decaauts)
 A = Elapsed time spent in this place.
 B = Non-inter-level travel time spent in this place.
 C = Inter-level travel time spent in this place.
 D = Time resting spent in this place.
 E = Time spent auto-exploring this place.
 F = Levels seen in this place.
 G = Mean time per level.
                   A        B        C        D        E       F      G
               +--------+--------+--------+--------+--------+-----+--------+
         Total |    258 |    258 |      0 |    115 |    115 |   2 |  129.0 |
         Abyss |    258 |    258 |      0 |    115 |    115 |   2 |  129.0 |
               +--------+--------+--------+--------+--------+-----+--------+

Top non-repeatable levels by time:
 Abyss:1: 212 daAuts
 Abyss:2: 45 daAuts
